 Dungeon Crawl Stone Soup version 0.29-a0-553-g81b289dbe5 (webtiles) character file.

Game seed: 8789025130531261306

16 imWUMPUS the Covered (level 2, 11/18 (26) HPs)
             Began as a Meteoran Fighter on June 7, 2022.
             Quit the game on level 2 of the Dungeon.
             The game lasted 00:03:39 (954 turns).

imWUMPUS the Covered (Meteoran Fighter)              Turns: 954, Time: 00:03:39

HP:   11/18 (26)    AC:  7    Str: 17    XL:     2   Next: 94%
MP:   3/3           EV:  9    Int:  9    God:
Gold: 56            SH:  5    Dex: 13    Spells: 1/1 levels left

rFire   . . .      SeeInvis .   a - +0 long sword
rCold   . . .      Faith    .   c - +0 buckler
rNeg    . . .      Spirit   .   b - +0 scale mail
rPois   .          Reflect  .   (no helmet)
rElec   .          Harm     .   (no cloak)
rCorr   .          Rampage  .   (no gloves)
Will    .....                   (no boots)
Stlth   ..........              (no amulet)
HPRegen 0.06/turn               (no ring)
MPRegen 0.08/turn               (no ring)

@: glowing, very heavily drained
A: sense surroundings 1, otherworldly, glowing, explore regen
a: no special abilities


You were on level 2 of the Dungeon.
You visited 1 branch of the dungeon, and saw 2 of its levels.

You collected 56 gold pieces.

Inventory:

Hand Weapons
 a - a +0 long sword (weapon)
Missiles
 e - 2 poisoned darts (quivered)
Armour
 b - a +0 scale mail (worn)
 c - a +0 buckler (worn)
Scrolls
 f - 3 scrolls of torment {unknown}
 g - a scroll of noise {unknown}
 i - a scroll of teleportation {unknown}
Potions
 d - a potion of might
 h - a potion of ambrosia {unknown}


   Skills:
 + Level 3.4 Fighting
 + Level 2.6 Long Blades
 + Level 4.0 Armour
 + Level 3.9 Shields


You had one spell level left.
You didn't know any spells.
Your spell library was empty.

Dungeon Overview and Level Annotations

Branches:
Dungeon (2/15)

Altars:
Xom


Innate Abilities, Weirdness & Mutations

You passively map a small area around you.
You are easily found by Zot.
You glow in the dark.
You regain HP and MP as you explore.


Message History

A kobold comes into view. It is wielding a +0 club.
The kobold shouts!
You see here a ball python corpse.
Sorry, you're not good enough to have a special ability.
Sorry, you're not good enough to have a special ability.
Okay, then.
You miss the kobold. You block the kobold's attack.
You completely miss the kobold. The kobold barely misses you.
You closely miss the kobold. The kobold closely misses you.
A giant cockroach comes into view.
You block the kobold's attack.
You hit the kobold.
The kobold is severely wounded.
You block the kobold's attack.
You slash the kobold!
You kill the kobold!
You block the giant cockroach's attack.
You barely miss the giant cockroach. The giant cockroach barely misses you.
The giant cockroach bites you but does no damage.
You hit the giant cockroach but do no damage.
The giant cockroach bites you.
You hit the giant cockroach.
The giant cockroach is heavily wounded.
The giant cockroach bites you. x2
You hit the giant cockroach but do no damage.
The giant cockroach is heavily wounded.
The giant cockroach closely misses you.
You closely miss the giant cockroach.
The giant cockroach is heavily wounded.
The giant cockroach barely misses you. You block the giant cockroach's attack.
You closely miss the giant cockroach.
The giant cockroach is moderately wounded.
You block the giant cockroach's attack.
You slash the giant cockroach!
You kill the giant cockroach!
No target in view!
Things that are here:
a +0 club; a giant cockroach corpse; a kobold corpse Unknown command.
Are you sure you want to abandon this character and quit the game? (Confirm with "yes".)

#).......'......))'..
#........'...[....'..
#.......##.§8..8≈.#..
#.......##.§≈.§§≈.###
#........#........#
###.###############*
#<...#,, , ###.†# ,
#.@#, , * ##........
......... ,##.._.....
* , #........ *
#.....### #....## ,
.....# ,


There were no monsters in sight!

Vanquished Creatures
  A dart slug (D:2)
  An endoplasm (D:1)
  A giant cockroach (D:2)
  4 goblins
  3 kobolds
  3 ball pythons
13 creatures vanquished.

Notes
Turn   | Place    | Note
-------+----------+-------------------------------------------
     0 | D:1      | imWUMPUS the Meteoran Fighter began the quest for the Orb.
     0 | D:1      | Reached XP level 1. HP: 19/19 MP: 2/2
   500 | D:1      | Glimpsed the power of Zot.
   550 | D:1      | Glimpsed the power of Zot.
   590 | D:1      | Glimpsed the power of Zot.
   599 | D:1      | Touched by the power of Zot.
   700 | D:1      | Glimpsed the power of Zot.
   749 | D:1      | Glimpsed the power of Zot.
   788 | D:1      | Glimpsed the power of Zot.
   797 | D:1      | Glimpsed the power of Zot.
   798 | D:1      | Touched by the power of Zot.
   850 | D:1      | Reached XP level 2. HP: 12/15 MP: 3/3
   867 | D:2      | Reached skill level 4 in Armour
   918 | D:2      | Found a shimmering altar of Xom.
   954 | D:2      | Quit the game

Illustrated notes

Levels and vault maps discovered:
D:1:      dpeg_arrival_erosion, layout_basic, nicolae_wormholes
D:2:      layout_basic, basic_altar, basic_ecumenical_altar,
          kennysheep_generic_room_5, uniq_natasha

Skill      XL: |  1  2 |
---------------+-------+-----
Armour         | 4 |  4.0
Fighting       | |  3.4
Long Blades    | |  2.6
Shields        | |  3.9

Action                   || total
-------------------------++-------
Melee: Long sword        ||    29
Armor: Scale mail        ||    15
Dodge: Dodged            ||    14
Block: Buckler           ||    14

Table legend: (Time is in decaauts)
 A = Elapsed time spent in this place.
 B = Non-inter-level travel time spent in this place.
 C = Inter-level travel time spent in this place.
 D = Time resting spent in this place.
 E = Time spent auto-exploring this place.
 F = Levels seen in this place.
 G = Mean time per level.
                   A        B        C        D        E       F      G
               +--------+--------+--------+--------+--------+-----+--------+
         Total |    963 |    963 |      0 |    597 |     75 |   2 |  481.5 |
       Dungeon |    963 |    963 |      0 |    597 |     75 |   2 |  481.5 |
               +--------+--------+--------+--------+--------+-----+--------+

Top non-repeatable levels by time:
     D:1: 863 daAuts
     D:2: 100 daAuts
